MWL (24 & UNDER)
COLUMBIA 08S @ ERIE JAXX
07/15/2024
 
TOP OF THE 1ST
Columbia 08s batting - Pitching for Erie Jaxx : RHP Ricardo Marino
Pitching: RHP Ricardo Marino
Batting: RHB Jeffrey Hicks 0-0: Foul Ball, location: 2F
0-1: Ball
1-1: Ball
2-1: Foul Ball, location: 2F
2-2: Foul Ball, location: 2F
2-2: Foul Ball, location: 2F
2-2: Strikes out swinging
Batting: RHB Ramón Zamora 0-0: Swinging Strike
0-1: Ground out 5-3 (Groundball, 56)
Batting: RHB Ricardo Salazar 0-0: Ball
1-0: Ball
2-0: SOLO HOME RUN (Line Drive, 9LD), Distance : 343 ft
Batting: RHB Ramiro Chávez 0-0: Foul Ball, location: 2F
0-1: Foul Ball, location: 2F
0-2: Ball
1-2: Ball
2-2: Fly out, F9 (Flyball, 9LS)
Top of the 1st over - 1 run(s), 1 hit(s), 0 error(s), 0 left on base; Columbia 1 - Erie 0
BOTTOM OF THE 1ST
Erie Jaxx batting - Pitching for Columbia 08s : LHP Félix García
Pitching: LHP Félix García
Batting: RHB Richard Bankhead 0-0: Ball
1-0: Foul Ball, location: 2F
1-1: Swinging Strike
1-2: Ball
2-2: Strikes out swinging
Batting: RHB Júlio Hernández 0-0: Ball
1-0: Fly out, F9 (Flyball, 9M)
Batting: LHB Mark Everett 0-0: Called Strike
0-1: DOUBLE (Line Drive, 78D)
Batting: RHB Luis Alou 0-0: Ball
1-0: Foul Ball, location: 2F
1-1: Called Strike
1-2: Strikes out swinging
Bottom of the 1st over - 0 run(s), 1 hit(s), 0 error(s), 1 left on base; Columbia 1 - Erie 0
TOP OF THE 2ND
Columbia 08s batting - Pitching for Erie Jaxx : RHP Ricardo Marino
Batting: RHB Irving Galloway 0-0: Called Strike
0-1: Foul Ball, location: 2F
0-2: Foul Ball, location: 2F
0-2: Fly out, F8 (Flyball, 8RM)
Batting: RHB Juan Trujillo 0-0: Called Strike
0-1: Ground out 1-3 (Groundball, 15S)
Batting: SHB William Hamilton 0-0: Called Strike
0-1: Foul Ball, location: 2F
0-2: DOUBLE (Line Drive, 89M)
Batting: RHB António Cruz 0-0: Fly out, F7 (Flyball, 7LS)
Top of the 2nd over - 0 run(s), 1 hit(s), 0 error(s), 1 left on base; Columbia 1 - Erie 0
BOTTOM OF THE 2ND
Erie Jaxx batting - Pitching for Columbia 08s : LHP Félix García
Batting: LHB Sean Perkins 0-0: Foul Ball, location: 2F
0-1: Fly out, F7 (Flyball, 78M)
Batting: RHB William Wilson 0-0: Foul Ball, location: 2F
0-1: Foul Ball, location: 2F
0-2: Strikes out swinging
Batting: SHB Ben Marks 0-0: Ground out U3 (Groundball, 3)
Bottom of the 2nd over - 0 run(s), 0 hit(s), 0 error(s), 0 left on base; Columbia 1 - Erie 0
TOP OF THE 3RD
Columbia 08s batting - Pitching for Erie Jaxx : RHP Ricardo Marino
Batting: RHB Ben Barker 0-0: Called Strike
0-1: Called Strike
0-2: Strikes out swinging
Batting: RHB Jeffrey Hicks 0-0: Ball
1-0: Ball
2-0: Ball
3-0: Called Strike
3-1: Foul Ball, location: 2F
3-2: Strikes out swinging
Batting: RHB Ramón Zamora 0-0: Swinging Strike
0-1: Swinging Strike
0-2: Ball
1-2: Ball
2-2: Ball
3-2: Strikes out swinging
Top of the 3rd over - 0 run(s), 0 hit(s), 0 error(s), 0 left on base; Columbia 1 - Erie 0
BOTTOM OF THE 3RD
Erie Jaxx batting - Pitching for Columbia 08s : LHP Félix García
Batting: RHB Raúl Ruíz 0-0: Ball
1-0: Foul Ball, location: 2F
1-1: Reached on error, E6 (Groundball, 6M)
Batting: LHB Mike Pearson 0-0: Called Strike
0-1: Swinging Strike
0-2: Ball
1-2: Ball
2-2: Ground out U3 (Groundball, 3S)
Raúl Ruíz to third
Batting: RHB Richard Bankhead 0-0: Called Strike
0-1: Ball
1-1: Fly out, F2 (Popup, 23F)
Batting: RHB Júlio Hernández Reached via error on a dropped throw, E3
Raúl Ruíz scores
Batting: LHB Mark Everett 0-0: Ball
1-0: Called Strike
1-1: Ball
Pickoff Throw by Catcher to First - Error! E2
Júlio Hernández to second
2-1: Ball
Wild Pitch!
Júlio Hernández to third
3-1: Base on Balls
Batting: RHB Luis Alou 0-0: DOUBLE (Line Drive, 7LD)
Júlio Hernández scores
Mark Everett to third
Runner from 3rd tries for Home, SAFE, no throw or cutoff
Batting: LHB Sean Perkins 0-0: Ball
1-0: Ball
2-0: Called Strike
2-1: Ball
3-1: Base on Balls
Batting: RHB William Wilson 0-0: SINGLE (Line Drive, 7LS)
Luis Alou to third
Sean Perkins to second
Batting: SHB Ben Marks 0-0: Ball
1-0: Ball
2-0: Ground out 5-3 (Groundball, 56)
Bottom of the 3rd over - 3 run(s), 2 hit(s), 3 error(s), 3 left on base; Columbia 1 - Erie 3
TOP OF THE 4TH
Columbia 08s batting - Pitching for Erie Jaxx : RHP Ricardo Marino
Batting: RHB Ricardo Salazar 0-0: Ball
1-0: Ball
2-0: Called Strike
2-1: Ball
3-1: Called Strike
3-2: Fly out, F7 (Line Drive, 7M)
Batting: RHB Ramiro Chávez 0-0: Foul Ball, location: 2F
0-1: Ball
1-1: Ball
2-1: Called Strike
2-2: Foul Ball, location: 2F
2-2: SINGLE (Groundball, 6MD)
Batting: RHB Irving Galloway 0-0: Called Strike
0-1: Ball
1-1: Ball
2-1: Ball
3-1: Foul Ball, location: 2F
3-2: Fly out, F9 (Flyball, 89M)
Batting: RHB Juan Trujillo 0-0: Ball
1-0: Called Strike
1-1: Fly out, F6 (Popup, 6M)
Top of the 4th over - 0 run(s), 1 hit(s), 0 error(s), 1 left on base; Columbia 1 - Erie 3
BOTTOM OF THE 4TH
Erie Jaxx batting - Pitching for Columbia 08s : LHP Félix García
Batting: RHB Raúl Ruíz 0-0: Called Strike
0-1: Foul Ball, location: 2F
0-2: Ground out 1-3 (Groundball, 13S)
Batting: LHB Mike Pearson 0-0: Foul Ball, location: 2F
0-1: Called Strike
0-2: Foul Ball, location: 2F
0-2: Ball
1-2: Strikes out looking
Batting: RHB Richard Bankhead 0-0: Ball
1-0: Ball
2-0: Ball
3-0: Base on Balls
Batting: RHB Júlio Hernández 0-0: Foul Ball, location: 2F
0-1: Ground out 1-3 (Groundball, 25)
Bottom of the 4th over - 0 run(s), 0 hit(s), 0 error(s), 1 left on base; Columbia 1 - Erie 3
TOP OF THE 5TH
Columbia 08s batting - Pitching for Erie Jaxx : RHP Ricardo Marino
Batting: SHB William Hamilton 0-0: Swinging Strike
0-1: Swinging Strike
0-2: Strikes out swinging
Batting: RHB António Cruz 0-0: Fly out, F9 (Flyball, 9M)
Batting: RHB Ben Barker 0-0: Called Strike
0-1: Fly out, F6 (Popup, 6S)
Top of the 5th over - 0 run(s), 0 hit(s), 0 error(s), 0 left on base; Columbia 1 - Erie 3
BOTTOM OF THE 5TH
Erie Jaxx batting - Pitching for Columbia 08s : LHP Félix García
Batting: LHB Mark Everett 0-0: Ball
1-0: Ball
2-0: Ball
3-0: Called Strike
3-1: Called Strike
3-2: SINGLE (Groundball, 34D)
Batting: RHB Luis Alou 0-0: Called Strike
0-1: Foul Ball, location: 2F
0-2: Ball
1-2: Foul Ball, location: 2F
1-2: Ball
2-2: Strikes out looking
Batting: LHB Sean Perkins 0-0: Ball
1-0: Grounds into double play, 4-6-3 (Groundball, 4)
Bottom of the 5th over - 0 run(s), 1 hit(s), 0 error(s), 0 left on base; Columbia 1 - Erie 3
TOP OF THE 6TH
Columbia 08s batting - Pitching for Erie Jaxx : RHP Ricardo Marino
Batting: RHB Jeffrey Hicks 0-0: Swinging Strike
0-1: Ball
1-1: Ball
2-1: Called Strike
2-2: Foul Ball, location: 2F
2-2: Strikes out swinging
Batting: RHB Ramón Zamora 0-0: Ball
1-0: Ball
2-0: Called Strike
2-1: Fly out, F7 (Flyball, 78M)
Batting: RHB Ricardo Salazar 0-0: Called Strike
0-1: Ball
1-1: Fly out, F4 (Popup, 4D)
Top of the 6th over - 0 run(s), 0 hit(s), 0 error(s), 0 left on base; Columbia 1 - Erie 3
BOTTOM OF THE 6TH
Erie Jaxx batting - Pitching for Columbia 08s : LHP Félix García
Batting: RHB William Wilson 0-0: Ball
1-0: Ground out 3-1 (Groundball, 34)
Batting: SHB Ben Marks 0-0: Ball
1-0: Ball
2-0: Called Strike
2-1: Swinging Strike
2-2: Ball
3-2: Strikes out swinging
Batting: RHB Raúl Ruíz 0-0: Swinging Strike
0-1: Called Strike
0-2: Strikes out swinging
Bottom of the 6th over - 0 run(s), 0 hit(s), 0 error(s), 0 left on base; Columbia 1 - Erie 3
TOP OF THE 7TH
Columbia 08s batting - Pitching for Erie Jaxx : RHP Ricardo Marino
Pitching: RHP Steve Floyd
Batting: RHB Ramiro Chávez 0-0: Ball
1-0: Fly out, F9 (Flyball, 89M)
Batting: RHB Irving Galloway 0-0: Ball
1-0: Ball
2-0: Ball
3-0: Ground out 6-3 (Groundball, 6)
Batting: RHB Juan Trujillo 0-0: Foul Ball, location: 2F
0-1: Ball
1-1: Ball
2-1: Ground out 5-3 (Groundball, 5L)
Top of the 7th over - 0 run(s), 0 hit(s), 0 error(s), 0 left on base; Columbia 1 - Erie 3
BOTTOM OF THE 7TH
Erie Jaxx batting - Pitching for Columbia 08s : LHP Félix García
Pitching: LHP Dwight Livingston
Batting: LHB Mike Pearson 0-0: Called Strike
0-1: Ground out 4-3 (Groundball, 4)
Batting: RHB Richard Bankhead 0-0: Ball
1-0: Called Strike
1-1: Ball
2-1: SINGLE (Line Drive, 8RS)
Batting: RHB Júlio Hernández 0-0: Called Strike
0-1: Called Strike
0-2: DOUBLE (Groundball, 5L)
Richard Bankhead to third
Runner from 3rd tries for Home, SAFE, no throw or cutoff
Batting: LHB Mark Everett 0-0: Ball
Wild Pitch!
Júlio Hernández to third
1-0: Swinging Strike
1-1: Fly out, F7 (Flyball, 7M)
Runner from 3rd tags up, SCORES, no throw
Batting: RHB Luis Alou 0-0: Ball
1-0: Fly out, F8 (Flyball, 8RXD)
Bottom of the 7th over - 2 run(s), 2 hit(s), 0 error(s), 0 left on base; Columbia 1 - Erie 5
TOP OF THE 8TH
Columbia 08s batting - Pitching for Erie Jaxx : RHP Steve Floyd
Batting: SHB William Hamilton 0-0: Ball
1-0: Foul Ball, location: 2F
1-1: Ball
2-1: Fly out, F7 (Flyball, 78S)
Batting: RHB António Cruz 0-0: Swinging Strike
0-1: Ball
1-1: Foul Ball, location: 2F
1-2: Strikes out swinging
Batting: RHB Ben Barker 0-0: Foul Ball, location: 2F
0-1: Ball
1-1: Swinging Strike
1-2: Ball
2-2: Strikes out looking
Top of the 8th over - 0 run(s), 0 hit(s), 0 error(s), 0 left on base; Columbia 1 - Erie 5
BOTTOM OF THE 8TH
Erie Jaxx batting - Pitching for Columbia 08s : LHP Dwight Livingston
Batting: LHB Sean Perkins 0-0: Ball
1-0: Ball
2-0: Ball
3-0: Base on Balls
Batting: RHB William Wilson 0-0: Called Strike
0-1: Sac Bunt - play at first, batter OUT! 1-3
Sean Perkins to second
Batting: SHB Ben Marks 0-0: Foul Ball, location: 2F
0-1: Called Strike
0-2: Ball
1-2: Foul Ball, location: 2F
1-2: Ball
2-2: Strikes out swinging
Batting: RHB Raúl Ruíz 0-0: Foul Ball, location: 2F
0-1: Fly out, F9 (Flyball, 9D)
Bottom of the 8th over - 0 run(s), 0 hit(s), 0 error(s), 1 left on base; Columbia 1 - Erie 5
TOP OF THE 9TH
Columbia 08s batting - Pitching for Erie Jaxx : RHP Steve Floyd
Batting: RHB Jeffrey Hicks 0-0: Fly out, F9 (Flyball, 9S)
Batting: RHB Ramón Zamora 0-0: Called Strike
0-1: Called Strike
0-2: Ball
1-2: Strikes out swinging
Batting: RHB Ricardo Salazar 0-0: Ball
1-0: Called Strike
1-1: Swinging Strike
1-2: Strikes out looking
Top of the 9th over - 0 run(s), 0 hit(s), 0 error(s), 0 left on base; Columbia 1 - Erie 5
This league is powered by Out of the Park Baseball, the baseball management simulation game for PC, Mac and Linux
Saturday, April 9th, 2016 - OOTP Baseball 16.8 Build 38